 Dungeon Crawl Stone Soup version 0.17-a0-1635-gd4e48f1 (webtiles) character file.

91 urechis the Ruffian (level 4, 0/45 HPs)
             Began as a Troll Monk on Aug 4, 2015.
             Slain by karlkraus's ghost (13 damage)
             ... on level 3 of the Dungeon.
             The game lasted 00:02:23 (1693 turns).

urechis the Ruffian (Troll Monk)                    Turns: 1693, Time: 00:02:24

Health: 0/45       AC:  5    Str: 19    XL:     4   Next: 34%
Magic:  3/3        EV: 10    Int:  6    God:
Gold:   142        SH:  0    Dex: 13    Spells: 0 memorised, 3 levels left

rFire  . . .     SeeInvis .       - Unarmed
rCold  . . .     Clarity  .     a - +0 robe
rNeg   . . .     SustAt   .     (no shield)
rPois  .         Gourm    +     (helmet restricted)
rElec  .         Spirit   .     (no cloak)
rCorr  .         Warding  .     (gloves unavailable)
rMut   .         Stasis   .     (boots unavailable)
MR     .....                    (no amulet)
Stlth  +.........               (no ring)
                                (no ring)

@: not resistant to hostile enchantments, very unstealthy
A: unfitting armour, claws 3, fast metabolism 3, gourmand, regeneration 2,
shaggy fur 1, tough skin 2
a: no special abilities


You were on level 3 of the Dungeon.
You were not hungry.

You visited 1 branch of the dungeon, and saw 3 of its levels.

You collected 142 gold pieces.

Inventory:

Armour
 a - a +0 robe (worn)
Jewellery
 m - an uncursed amulet of the gourmand {unknown}
Scrolls
 c - a scroll of remove curse {unknown}
 h - 2 scrolls of teleportation {unknown}
 i - 2 scrolls of identify {unknown}
 l - a scroll of fog {unknown}
 n - a scroll of enchant armour {unknown}
 p - a scroll of amnesia {unknown}
Potions
 d - 3 potions of brilliance {unknown}
 e - a potion of curing {unknown}
 f - 2 potions of ambrosia {unknown}
 g - a potion of haste {unknown}
 j - a potion of might {unknown}
 k - a potion of heal wounds {unknown}
 q - a potion of degeneration {unknown}
Comestibles
 b - 3 bread rations
 o - a slice of pizza
 r - a meat ration


   Skills:
 + Level 3.2 Fighting
 - Level 2.4 Dodging
 - Level 1.1 Stealth
 * Level 5.2 Unarmed Combat


You had 3 spell levels left.
You didn't know any spells.

Dungeon Overview and Level Annotations

Branches:
Dungeon (3/15)

Altars:
Qazlal

Annotations:
D:3 karlkraus's ghost, average MiFi


Innate Abilities, Weirdness & Mutations

You are too large for most types of armour.
You have claws for hands.
Your metabolism is lightning-fast.
You like to eat raw meat.
You heal very quickly.
You are covered in fur (AC +1).
You have very tough skin (AC +2).


Message History

You scratch the hobgoblin.
You kill the hobgoblin!
You claw karlkraus's ghost!
Karlkraus's ghost is almost destroyed.
Karlkraus's ghost hits you!
You scratch karlkraus's ghost.
Karlkraus's ghost is almost destroyed.
Karlkraus's ghost hits you.
* * * LOW HITPOINT WARNING * * *
You scratch karlkraus's ghost but do no damage.
Karlkraus's ghost is almost destroyed.
Karlkraus's ghost hits you.
* * * LOW HITPOINT WARNING * * *
You scratch karlkraus's ghost but do no damage.
Karlkraus's ghost is almost destroyed.
Karlkraus's ghost closely misses you.
You scratch karlkraus's ghost but do no damage.
Karlkraus's ghost is almost destroyed.
Karlkraus's ghost hits you!
You die...

<......# .....#.#
####.#.# #.#.#
#.#.#
####.#.###########
.................#
################.#
#### #@# ... #W#
#.###.## #.W....#
#..##### #..#
....# ####.# ..#


You could see karlkraus's ghost.

Vanquished Creatures
  A gnoll (D:1)
  3 adders
  2 worms (D:2)
  A giant gecko (D:2)
  7 bats
  3 giant cockroaches
  3 hobgoblins
  3 jackals (D:1)
  2 ball pythons
  4 giant newts
  9 goblins
  4 kobolds
  8 rats
50 creatures vanquished.

Notes
Turn   | Place    | Note
--------------------------------------------------------------
     0 | D:1      | urechis the Troll Monk began the quest for the Orb.
     0 | D:1      | Reached XP level 1. HP: 22/22 MP: 0/0
    34 | D:1      | Reached XP level 2. HP: 23/29 MP: 1/1
   652 | D:1      | Reached XP level 3. HP: 36/36 MP: 2/2
   986 | D:2      | Found a stormy altar of Qazlal.
  1191 | D:2      | Reached skill level 5 in Unarmed Combat
  1262 | D:2      | Reached XP level 4. HP: 42/45 MP: 3/3
  1670 | D:3      | Noticed karlkraus's ghost (average MiFi)
  1693 | D:3      | Slain by karlkraus's ghost

Vault maps used:
D:1:      moated_graveyard_arrival
D:2:      nicolae_qazlal_general_emergency
D:3:      hangedman_ru_absence, first_bread

Action                   |  1- 3 |  4- 6 || total
-------------------------+-------+-------++-------
Melee: Unarmed           |    98 |    37 ||   135
 Stab: Sleeping          |     2 |     1 ||     3
  Eat: Chunk             |    11 |     5 ||    16
